 Dungeon Crawl Stone Soup version 0.18.1-48-g4cf74bf (webtiles) character file.

61 Tempura the Skirmisher (level 3, -4/34 HPs)
             Began as a Minotaur Fighter on Aug 9, 2016.
             Killed by nerve-wracking pain
             ... invoked by a shadow imp
              (9 damage)
             ... on level 3 of the Dungeon.
             The game lasted 00:19:39 (1793 turns).

Tempura the Skirmisher (Minotaur Fighter)           Turns: 1793, Time: 00:19:43

Health: -4/34      AC:  8    Str: 20 (21) XL:     3   Next: 83%
Magic:  2/2        EV:  7    Int:  5      God:
Gold:   66         SH:  8    Dex:  2 (3)  Spells: 0 memorised, 2 levels left

rFire  . . .     SeeInvis .     a - +0 dagger
rCold  . . .     Gourm    .     b - +0 scale mail
rNeg   . . .     Faith    .     c - +0 shield
rPois  .         Spirit   .     (helmet restricted)
rElec  .         Dismiss  .     m - +0 cloak
rCorr  .         Reflect  .     (no gloves)
SustAt .         Harm     .     (no boots)
MR     .....                    (no amulet)
Stlth  ..........               q - ring of loudness (curse)
                                i - -6 ring of dexterity (curse)

@: not resistant to hostile enchantments, extremely unstealthy
A: retaliatory headbutt, horns 2, subdued magic 1
a: no special abilities


You were on level 3 of the Dungeon.
You were not hungry.

You visited 1 branch of the dungeon, and saw 3 of its levels.

You collected 66 gold pieces.

Inventory:

Hand Weapons
 a - a +0 dagger (weapon)
 e - a +0 club
 h - a +0 trident
Armour
 b - a +0 scale mail (worn)
 c - a +0 shield (worn)
 f - a +0 cloak
 l - a +0 leather armour
 m - a +0 cloak (worn)
Jewellery
 i - a cursed -6 ring of dexterity (left hand)
 q - a cursed ring of loudness (right hand)
Wands
 d - a wand of lightning (9/15)
Scrolls
 k - a scroll of identify
Comestibles
 g - a beef jerky
 j - 3 fruits
 o - a bread ration


   Skills:
 + Level 4.4 Fighting
 + Level 0.2 Short Blades
 + Level 2.6 Polearms
 + Level 4.2 Armour
 + Level 1.0 Dodging
 + Level 4.3 Shields


You had 2 spell levels left.
You didn't know any spells.

Dungeon Overview and Level Annotations

Branches:
Dungeon (3/15)

Altars:


Innate Abilities, Weirdness & Mutations

You reflexively headbutt those who attack you in melee.
You have a pair of horns on your head.
Your spells are a little easier to cast, but a little less powerful.


Message History

* * * LOW HITPOINT WARNING * * *
You barely miss the adder.
The adder is almost dead.
You block the shadow imp's attack. The adder bites you but does no damage.
The goblin hits you but does no damage.
You closely miss the adder.
The adder is almost dead.
The adder bites you but does no damage. You block the shadow imp's attack.
The goblin hits you but does no damage. The adder bites you but does no damage.
You closely miss the adder.
The adder is almost dead.
You block the shadow imp's attack. You block the adder's attack.
The goblin hits you but does no damage.
You hit the adder.
You kill the adder!
Your Dodging skill increases to level 1!
You feel your intelligence returning. The shadow imp gestures at you.
Pain shoots through your body!
You die...

#..#.. #.# ##
#####..#.# #..
#......#.# #.#####
#.###+##.# .<.....
#.#......# .....#
#.#......+ .....#
#.'......# .....#
#####..g...###.....##
#.....@>.............
#.<....5............#
#...........†.#####..
#.............####
#....................
#.............##.....
#.............# ....
#.............# ...
#.............# s.


You could see a shadow imp and a goblin.

Vanquished Creatures
  A gnoll (D:1)
  An adder (D:3)
  A worm (D:3)
  3 dart slugs
  A giant gecko (D:3)
  8 goblins
  A hobgoblin (D:1)
  3 kobolds
  A quokka (D:2)
  4 bats
  4 giant newts
  8 rats (D:1)
  4 plants (D:1)
40 creatures vanquished.

Notes
Turn   | Place    | Note
--------------------------------------------------------------
     0 | D:1      | Tempura the Minotaur Fighter began the quest for the Orb.
     0 | D:1      | Reached XP level 1. HP: 19/19 MP: 0/0
   164 | D:1      | Reached XP level 2. HP: 15/27 MP: 1/1
   679 | D:1      | Reached XP level 3. HP: 33/33 MP: 2/2
  1648 | D:3      | Gained mutation: You are agile. (Dex +2) [potion of mutation]
  1648 | D:3      | Lost mutation: You are agile. (Dex +2) [potion of mutation]
  1648 | D:3      | Gained mutation: Your spells are a little easier to cast, but a little less powerful. [potion of mutation]
  1793 | D:3      | Reached skill level 1 in Dodging
  1793 | D:3      | Killed from afar by a shadow imp

Skill      XL: |  1  2  3 |
---------------+----------+-----
Fighting       | 4 |  4.4
Shields        | 4 |  4.3
Armour         | 4 |  4.2
Dodging        | 1 |  1.0
Short Blades   | |  0.2
Polearms       | |  2.6

Action                   || total
-------------------------++-------
Melee: Trident           ||   149
       Headbutt          ||    31
       Dagger            ||    50
  Use: Scroll            ||     4
       Potion            ||     5
  Eat: Bread ration      ||     1
       Beef jerky        ||     1
Armor: Scale mail        ||    62
Dodge: Dodged            ||    43
Block: Shield            ||    63
